 Dungeon Crawl Stone Soup version 0.31.0-12-g77e489cdc1 (webtiles) character file.

Game seed: 3543529218723525067

1479 sking99 the Thaumaturge (level 8, -3/60 HPs)
             Began as a Gnoll Hedge Wizard on Feb 26, 2024.
             Was a Follower of Sif Muna.
             Slain by Menkaure (19 damage)
             ... on level 6 of the Dungeon.
             The game lasted 00:22:27 (7497 turns).

sking99 the Thaumaturge (Gnoll Hedge Wizard)        Turns: 7497, Time: 00:22:28

Health: -3/60      AC:  9    Str: 11    XL:     8   Next: 79%
Magic:  15/20      EV: 19    Int: 15    God:    Sif Muna [*.....]
Gold:   346        SH:  0    Dex: 11    Spells: 13/23 levels left

rFire   + + .        C - staff of fire
rCold   + . .        (no shield)
rNeg    . . .        b - +0 robe
rPois   .            c - +0 hat
rElec   .            e - scarf {rC+ rF+}
rCorr   .            p - +0 pair of gloves
SInv    .            g - +1 pair of boots
Will    .....        (no amulet)
Stlth   +++          m - +5 ring of evasion
HPRegen 0.30/turn    o - +4 ring of protection
MPRegen 0.17/turn

%: no passive effects
@: no status effects
A: fangs 1, strong nose, distributed training
a: Renounce Religion, Channel Magic


You were on level 6 of the Dungeon.
You worshipped Sif Muna.
Sif Muna was aware of your devotion.
You visited 2 branches of the dungeon, and saw 7 of its levels.
You also visited: Sewer.

You collected 346 gold pieces.

Inventory:

Hand Weapons
 a - a +1 dagger
Armour
 b - a +0 robe (worn)
 c - a +0 hat (worn)
 e - a scarf of resistance (worn)
 g - a +1 pair of boots (worn)
 p - a +0 pair of gloves (worn)
Magical Staves
 C - a staff of fire (weapon)
Jewellery
 m - a +5 ring of evasion (left hand)
 o - a +4 ring of protection (right hand)
Wands
 A - a wand of polymorph (10)
Scrolls
 f - 2 scrolls of noise
 j - a scroll of immolation {unknown}
 l - 3 scrolls of amnesia
 q - 3 scrolls of poison {unknown}
 r - 2 scrolls of identify
 y - 2 scrolls of teleportation
Potions
 d - 2 potions of magic
 h - a potion of enlightenment
 i - 2 potions of curing
 k - 2 potions of brilliance
 n - 4 potions of mutation
 s - a potion of ambrosia {unknown}
 t - 2 potions of heal wounds {unknown}
 u - a potion of might {unknown}
 v - 4 potions of cancellation {unknown}
 w - 3 potions of resistance {unknown}
 x - 2 potions of invisibility {unknown}
 z - a potion of haste {unknown}
 B - a potion of degeneration {unknown}
 E - a potion of attraction {unknown}
 F - a potion of lignification {unknown}


   Skills:
 + Level 3.7 Fighting
 + Level 3.7 Short Blades
 + Level 3.7 Long Blades
 + Level 3.7 Axes
 + Level 3.7 Maces & Flails
 + Level 3.7 Polearms
 + Level 3.7 Staves
 + Level 3.7 Ranged Weapons
 + Level 3.7 Throwing
 + Level 3.7 Armour
 + Level 6.0 Dodging
 + Level 5.6 Stealth
 + Level 3.7 Shields
 + Level 3.7 Unarmed Combat
 + Level 8.1 Spellcasting
 + Level 3.8 Conjurations
 + Level 3.0 Hexes
 + Level 3.8 Summonings
 + Level 3.0 Necromancy
 + Level 3.8 Translocations
 + Level 3.0 Fire Magic
 + Level 3.0 Ice Magic
 + Level 3.0 Air Magic
 + Level 3.0 Earth Magic
 + Level 3.0 Alchemy
 + Level 4.1 Invocations
 + Level 3.7 Evocations
 + Level 3.3 Shapeshifting


You had 13 spell levels left.
You knew the following spells:

 Your Spells              Type           Power      Damage    Failure   Level
a - Magic Dart            Conj           68%        1d6       2%          1
b - Call Imp              Summ           34%        N/A       3%          2
c - Blink                 Tloc           34%        N/A       3%          2
d - Mephitic Cloud        Conj/Alch/Air  16%        N/A       9%          3
e - Cigotuvi's Dreadful   Necr/Alch/Air  30%        N/A       4%          2

Your spell library contained the following spells:

 Spells                   Type           Power      Damage    Failure   Level
 Apportation              Tloc           34%        N/A       2%          1
 Summon Small Mammal      Summ           68%        N/A       2%          1
 Necrotise                Necr           60%        1d7       3%          1
 Slow                     Hex            60%        N/A       3%          1
 Sting                    Conj/Alch      64%        1d7       3%          1


Dungeon Overview and Level Annotations

Branches:
Dungeon (6/15)             Temple (1/1) D:4           Sewer (visited)

Altars:
Ashenzari
Cheibriados
Dithmenos
Elyvilon
Fedhas
Hepliaklqana
Kikubaaqudgha
Makhleb
Nemelex Xobeh
Okawaru
Ru
Sif Muna
Trog
Uskayaw
Wu Jian
Xom
Yredelemnul
Zin

Shops:
D:4 =!

Annotations:
D:3 1 runed translucent door, Crazy Yiuf
D:6 Menkaure
Temple 1 transporter


Innate Abilities, Weirdness & Mutations

You have very sharp teeth.
Your uncanny sense of smell can sniff out nearby items.
Your experience applies equally to all skills.


Message History

The magic dart hits Menkaure but does no damage.
Menkaure is heavily damaged.
Your cerulean imp hits Menkaure but does no damage.
Menkaure points at you and mumbles some strange words.
You struggle to resist.
Casting: Magic Dart (safe; 2% risk of failure)
Confirm with . or Enter, or press ? or * to list all spells.
Aiming: Magic Dart (safe; 2% risk of failure)
Press: ? - help, Shift-Dir - straight line, f/p - Menkaure
Aim: Menkaure (heavily damaged, fast, ally target, 100% to hit)
The magic dart hits Menkaure.
Menkaure is heavily damaged.
Your cerulean imp hits Menkaure with a -3 spear.
You hit Menkaure but do no damage. Your bite misses Menkaure.
Menkaure is heavily damaged.
The iguana completely misses you.
Menkaure sighs, "It doesn't hurt if you pull your brain out of your nose yourself."
Menkaure completely misses you.
Your cerulean imp hits Menkaure with a -3 spear.
You hit Menkaure.
Menkaure is severely damaged.
The iguana completely misses you.
Menkaure points at you and mumbles some strange words.
You struggle to resist.
Your cerulean imp hits Menkaure but does no damage.
You hit Menkaure. You burn Menkaure. Your punch misses Menkaure.
Your bite misses Menkaure.
Menkaure is almost destroyed.
Menkaure calls on the powers of darkness!
Your body is wracked with pain!
The iguana convulses!
The iguana barely misses you.
Your cerulean imp closely misses Menkaure.
Menkaure hits you!
* * * LOW HITPOINT WARNING * * *
You barely miss Menkaure.
Menkaure is almost destroyed.
The iguana closely misses you.
Your cerulean imp barely misses Menkaure.
Menkaure hits you!!
You die...

........# ........#
........# ........# #
........# # ........# #
.......l# # .....5M@#
####### #.......#######
......#..#####.........#
......#..# #..##'####.#
......#..# #..##.8.#
......#..##..##...##
......#..#..##...##
......#....##...##
^.....#...++.8.++ ∆


You could see Menkaure (fast, ally target), an iguana and a friendly cerulean
imp (summoned).

Vanquished Creatures
  An ice beast (D:5)
  An ogre (D:5)
  2 phantoms
  A kobold brigand (Sewer)
  A scorpion (D:5)
  2 hounds
  2 jellies (D:5)
  2 iguanas (D:4)
  2 orc wizards (D:5)
  12 adders
  5 river rats (Sewer)
  A shadow imp (D:5)
  2 ufetubi (D:5)
  13 orcs
  5 bats
  6 endoplasms
  4 giant cockroaches
  3 goblins
  3 hobgoblins
  4 jackals (D:1)
  4 quokkas
  6 ball pythons
  A frilled lizard (Sewer)
  16 kobolds
  16 rats
115 creatures vanquished.

Vanquished Creatures (collateral kills)
  Sigmund (D:3)
  A phantom (D:4)
  2 kobold brigands (Sewer)
  A howler monkey (D:4)
  A bombardier beetle (D:4)
  3 river rats (Sewer)
  2 adders
  A ribbon worm (D:4)
  3 orcs (D:5)
  An endoplasm (D:2)
  2 giant cockroaches
  4 goblins
  3 hobgoblins
  5 ball pythons
  2 bats (D:2)
  8 kobolds
  7 rats (Sewer)
47 creatures vanquished.

Grand Total: 162 creatures vanquished

Notes
Turn   | Place    | Note
-------+----------+-------------------------------------------
     0 | D:1      | sking99 the Gnoll Hedge Wizard began the quest for the Orb.
     0 | D:1      | Reached XP level 1. HP: 13/13 MP: 8/8
   255 | D:1      | Learned a level 1 spell: Summon Small Mammal
   277 | D:1      | Reached XP level 2. HP: 19/19 MP: 6/10
   951 | D:1      | Reached XP level 3. HP: 25/25 MP: 7/11
  1278 | D:1      | Learned a level 2 spell: Blink
  1281 | D:1      | Learned a level 2 spell: Call Imp
  1285 | D:1      | Learned a level 3 spell: Mephitic Cloud
  1288 | D:1      | Learned a level 2 spell: Cigotuvi's Dreadful Rot
  1453 | D:2      | Reached skill level 1 in Invocations
  1743 | D:2      | Reached skill level 1 in Fighting
  1743 | D:2      | Reached skill level 1 in Short Blades
  1743 | D:2      | Reached skill level 1 in Long Blades
  1743 | D:2      | Reached skill level 1 in Axes
  1743 | D:2      | Reached skill level 1 in Maces & Flails
  1743 | D:2      | Reached skill level 1 in Polearms
  1743 | D:2      | Reached skill level 1 in Staves
  1743 | D:2      | Reached skill level 1 in Ranged Weapons
  1743 | D:2      | Reached skill level 1 in Throwing
  1743 | D:2      | Reached skill level 1 in Armour
  1743 | D:2      | Reached skill level 1 in Shields
  1743 | D:2      | Reached skill level 1 in Unarmed Combat
  1743 | D:2      | Reached skill level 1 in Evocations
  1805 | D:2      | Reached skill level 1 in Shapeshifting
  1805 | D:2      | Reached XP level 4. HP: 32/32 MP: 4/13
  2380 | D:3      | Found a glowing silver altar of Zin.
  2380 | D:3      | Noticed an angel
  2461 | D:3      | Found a runed translucent door.
  2462 | D:3      | Noticed Crazy Yiuf
  2549 | D:3      | Reached skill level 1 in Hexes
  2549 | D:3      | Reached skill level 1 in Necromancy
  2549 | D:3      | Reached skill level 1 in Fire Magic
  2549 | D:3      | Reached skill level 1 in Ice Magic
  2549 | D:3      | Reached skill level 1 in Air Magic
  2549 | D:3      | Reached skill level 1 in Earth Magic
  2549 | D:3      | Reached skill level 1 in Alchemy
  2607 | D:3      | Found a glowing drain.
  2618 | Sewer    | Entered a sewer
  2726 | Sewer    | Reached XP level 5. HP: 33/37 MP: 1/14
  3340 | Sewer    | Noticed a kobold brigand
  3352 | Sewer    | Killed a kobold brigand
  3353 | Sewer    | Reached XP level 6. HP: 44/44 MP: 0/16
  3511 | Sewer    | Reached skill level 5 in Dodging
  4173 | D:3      | Reached XP level 7. HP: 50/50 MP: 14/18
  4316 | D:3      | Noticed Sigmund
  4467 | D:3      | Killed Sigmund
  4760 | D:4      | Found Vexif's Distillery.
  4788 | D:4      | Reached skill level 5 in Stealth
  5069 | D:4      | Reached XP level 8. HP: 45/58 MP: 12/19
  5684 | D:4      | Found a staircase to the Ecumenical Temple.
  5695 | Temple   | Found a transporter.
  5695 | Temple   | Found a transporter.
  5695 | Temple   | Found a transporter.
  5695 | Temple   | Found a transporter.
  5695 | Temple   | Entered the Ecumenical Temple
  5707 | Temple   | Became a worshipper of Sif Muna the Loreminder
  5781 | D:4      | Found Figugh's Jewellery Boutique.
  5969 | D:5      | Entered Level 5 of the Dungeon
  6170 | D:5      | Reached skill level 8 in Spellcasting
  6362 | D:5      | Reached * piety under Sif Muna
  7348 | D:6      | Noticed a yak
  7486 | D:6      | Noticed Menkaure
  7497 | D:6      | Slain by Menkaure

Illustrated notes

Levels and vault maps discovered:
D:1:      saegor_arrival_simple_b, layout_basic
D:2:      layout_loops_ring
D:3:      layout_rooms, zin_angel, portal_sewer_entry_b,
          minmay_misc_feat_secret_circle, uniq_sigmund, uniq_crazy_yiuf_cottage
D:4:      layout_basic, minmay_temple_entry_junction_2, serial_shops,
          nicolae_lakefront_shop, shop
D:5:      layout_loops_ring, water_boxes_lemuel
D:6:      layout_basic, mainiacjoe_overflow_two_lobes, grunt_decor_arrowhead,
          uniq_menkaure
Temple:   hellmonk_temple_divided_pantheon

Skill      XL: |  1  2  3  4  5  6  7  8 |
---------------+-------------------------+-----
Conjurations   | 2 3 |  3.8
Summonings     | 2 3 |  3.8
Translocations | 2 3 |  3.8
Invocations    | 1 2 3 4 |  4.1
Fighting       | 1 2 3 |  3.7
Short Blades   | 1 2 3 |  3.7
Long Blades    | 1 2 3 |  3.7
Axes           | 1 2 3 |  3.7
Maces & Flails | 1 2 3 |  3.7
Polearms       | 1 2 3 |  3.7
Staves         | 1 2 3 |  3.7
Ranged Weapons | 1 2 3 |  3.7
Throwing       | 1 2 3 |  3.7
Armour         | 1 2 3 |  3.7
Shields        | 1 2 3 |  3.7
Unarmed Combat | 1 2 3 |  3.7
Evocations     | 1 2 3 |  3.7
Shapeshifting  | 1 2 3 |  3.3
Hexes          | 1 2 3 |  3.0
Necromancy     | 1 2 3 |  3.0
Fire Magic     | 1 2 3 |  3.0
Ice Magic      | 1 2 3 |  3.0
Air Magic      | 1 2 3 |  3.0
Earth Magic    | 1 2 3 |  3.0
Alchemy        | 1 2 3 |  3.0
Dodging        | 5 6 |  6.0
Stealth        | 5 |  5.6
Spellcasting   | 8 |  8.1

Action                     |  1- 3 |  4- 6 |  7- 9 || total
---------------------------+-------+-------+-------++-------
  Melee: Dagger            |    28 |    58 |       ||    86
         Bite              |     1 |     1 |    10 ||    12
         Punch             |       |     1 |     6 ||     7
         Staff             |       |       |   169 ||   169
   Cast: Magic Dart        |    76 |   112 |   148 ||   336
         Summon Small Mamm |    12 |    24 |    11 ||    47
         Call Imp          |     5 |    15 |    22 ||    42
         Blink             |       |     3 |     1 ||     4
         Mephitic Cloud    |       |     3 |     3 ||     6
         Cigotuvi's Dreadf |       |     1 |     1 ||     2
    Use: Scroll            |       |       |    11 ||    11
   Stab: Distracted        |     1 |       |     2 ||     3
         Sleeping          |       |     1 |       ||     1
 Armour: Robe              |    32 |    59 |    99 ||   190
  Dodge: Dodged            |    33 |   143 |   169 ||   345
